 Dungeon Crawl Stone Soup version 0.22-a0-259-gdd11e71 (webtiles) character file.

107 JeffiDaFish the Magician (level 4, -1/24 HPs)
             Began as a Deep Elf Wizard on Mar 5, 2018.
             Slain by a hobgoblin
             ... wielding a +0 club
              (6 damage)
             ... on level 3 of the Dungeon on Mar 6, 2018.
             The game lasted 00:09:21 (2443 turns).

JeffiDaFish the Magician (Deep Elf Wizard)          Turns: 2443, Time: 00:09:22

Health: -1/24      AC:  2    Str:  4    XL:     4   Next: 56%
Magic:  3/14       EV: 13    Int: 24    God:
Gold:   100        SH:  0    Dex: 13    Spells: 9/15 levels left

rFire    . . .     SeeInvis .   m - +2 whip (elec)
rCold    . . .     Gourm    .   (no shield)
rNeg     . . .     Faith    .   a - +0 robe
rPois    .         Spirit   .   b - +0 hat
rElec    .         Reflect  .   (no cloak)
rCorr    +         Harm     .   (no gloves)
MR       +....                  (no boots)
Stlth    +.........             (no amulet)
HPRegen  0.08/turn              c - ring of loudness
MPRegen  0.14/turn              g - ring of resist corrosion

@: no status effects
A: antennae 1, deterioration 1, magic resistance 1
a: no special abilities


You were on level 3 of the Dungeon.
You were not hungry.

You visited 1 branch of the dungeon, and saw 3 of its levels.

You collected 100 gold pieces.

Inventory:

Hand Weapons
 e - a +1 dagger
 m - a +2 whip of electrocution (weapon)
Armour
 a - a +0 robe (worn)
 b - a +0 hat (worn)
Jewellery
 c - a ring of loudness (left hand)
 g - a ring of resist corrosion (right hand)
Scrolls
 h - a scroll of teleportation
 i - a scroll of remove curse
Potions
 j - a potion of mutation
 k - a potion of ambrosia
 l - a potion of curing
Comestibles
 d - 3 rations
 f - a chunk of flesh


   Skills:
 - Level 2.4 Dodging
 - Level 2.4 Stealth
 * Level 6.1 Spellcasting
 * Level 3.4 Conjurations
   Level 1.1 Summonings
 - Level 1.1 Translocations


You had 9 spell levels left.
You knew the following spells:

 Your Spells              Type           Power        Failure   Level  Hunger
a - Magic Dart            Conj           ###.         1%          1    None
b - Blink                 Tloc           N/A          8%          2    None
c - Mephitic Cloud        Conj/Pois/Air  ##......     14%         3    #......


Dungeon Overview and Level Annotations

Branches:
Dungeon (3/15)

Altars:
Uskayaw


Innate Abilities, Weirdness & Mutations

You have a pair of small antennae on your head.
Your body sometimes deteriorates upon taking damage.
You are resistant to hostile enchantments. (MR+)


Message History

The hobgoblin is moderately wounded.
Casting: Magic Dart (safe; 1% risk of failure)
Confirm with . or Enter, or press ? or * to list all spells.
Aiming: Magic Dart (safe; 1% risk of failure)
Press: ? - help, Shift-Dir - straight line, f/p - hobgoblin
Aim: a hobgoblin, wielding a club (moderately wounded)
The magic dart hits the hobgoblin.
The hobgoblin is moderately wounded.
Casting: Magic Dart (safe; 1% risk of failure)
Confirm with . or Enter, or press ? or * to list all spells.
Aiming: Magic Dart (safe; 1% risk of failure)
Press: ? - help, Shift-Dir - straight line, f/p - hobgoblin
Aim: a hobgoblin, wielding a club (moderately wounded)
The magic dart hits the hobgoblin.
The hobgoblin is almost dead.
The hobgoblin barely misses you.
You closely miss the hobgoblin.
The hobgoblin is almost dead.
The hobgoblin hits you with a club.
You die...

#. #. #. #. #### ####.
... #.><. #.## #....
#.$################....
#(..g@......†..÷.(.(.#
#...################...#
.......† #...#
.....#S### .....#
######. ..##### ## ..##
#


You could see a hobgoblin.

Vanquished Creatures
  Terence (D:2)
  A gnoll (D:1)
  4 adders
  A leopard gecko (D:1)
  4 bats (D:1)
  3 giant cockroaches
  6 goblins
  4 hobgoblins (D:2)
  3 jackals
  6 kobolds
  5 rats
38 creatures vanquished.

Notes
Turn   | Place    | Note
-------+----------+-------------------------------------------
     0 | D:1      | JeffiDaFish the Deep Elf Wizard began the quest for the Orb.
     0 | D:1      | Reached XP level 1. HP: 10/10 MP: 7/7
   140 | D:1      | Reached skill level 5 in Spellcasting
   140 | D:1      | Reached XP level 2. HP: 9/15 MP: 1/10
   827 | D:1      | Learned a level 2 spell: Blink
  1167 | D:1      | Reached XP level 3. HP: 15/19 MP: 5/11
  1480 | D:2      | Learned a level 3 spell: Mephitic Cloud
  1511 | D:2      | Noticed Terence
  1541 | D:2      | Killed Terence
  1869 | D:2      | Gained mutation: You tend to lose your temper in combat. [potion of mutation]
  1869 | D:2      | Gained mutation: You are resistant to hostile enchantments. (MR+) [potion of mutation]
  1872 | D:2      | Lost mutation: You are resistant to hostile enchantments. (MR+) [potion of mutation]
  1872 | D:2      | Lost mutation: You tend to lose your temper in combat. [potion of mutation]
  1872 | D:2      | Gained mutation: You are resistant to hostile enchantments. (MR+) [potion of mutation]
  1872 | D:2      | Gained mutation: Your body sometimes deteriorates upon taking damage. [potion of mutation]
  1872 | D:2      | Gained mutation: You have a pair of small antennae on your head. [potion of mutation]
  1887 | D:2      | Reached XP level 4. HP: 24/24 MP: 6/13
  2233 | D:2      | Found a hide-covered altar of Uskayaw.
  2398 | D:3      | Reached skill level 6 in Spellcasting
  2443 | D:3      | Slain by a hobgoblin

Vault maps used:
D:1:      evilmike_arrival_sounds_zot, serial_forest,
          infiniplex_forest_clump_curved, infiniplex_forest_clump_small,
          infiniplex_forest_lined_4_way, infiniplex_forest_pool,
          infiniplex_forest_clump_curved, infiniplex_forest_join,
          infiniplex_forest_clump_diagonal, infiniplex_forest_clump_C,
          infiniplex_forest_straight_2, infiniplex_forest_end_3
D:2:      eat_drink_and_be_merry_uskayaw, serial_park_tiny_pond, uniq_terence
D:3:      portal_sewer_entry_a, kennysheep_doodads, eino_curves_02

Skill      XL: |  1  2  3  4 |
---------------+-------------+-----
Spellcasting   | 5 6 |  6.1
Conjurations   | 2 3 |  3.4
Dodging        | |  2.4
Stealth        | |  2.4
Summonings     | |  1.1
Translocations | |  1.1

Action                   |  1- 3 |  4- 6 || total
-------------------------+-------+-------++-------
Melee: Dagger            |    45 |     6 ||    51
       Whip              |       |     1 ||     1
 Cast: Magic Dart        |    60 |    25 ||    85
       Mephitic Cloud    |     2 |     1 ||     3
  Use: Potion            |     8 |       ||     8
       Scroll            |     5 |       ||     5
 Stab: Confused          |     1 |       ||     1
  Eat: Chunk             |     3 |     2 ||     5
Armor: Robe              |    14 |       ||    14
Dodge: Dodged            |    51 |     9 ||    60

Table legend:
 A = Spawn XP
 B = Non-spawn XP
 C = Spawn XP percentage of total XP
 D = Spawn monster count
 E = Non-spawn monster count
 F = Spawn count percentage of total count
 G = Total turns spent on level
                    A         B        C        D         E        F      G
               +---------+---------+-------+---------+---------+-------+---------
         Total |       0 |     153 |   0.0 |       0 |      38 |   0.0 |  2443
               +---------+---------+-------+---------+---------+-------+---------
           D:1 |       0 |      44 |   0.0 |       0 |      20 |   0.0 |  1410
           D:2 |       0 |      68 |   0.0 |       0 |      13 |   0.0 |   948
           D:3 |       0 |      41 |   0.0 |       0 |       5 |   0.0 |    85
               +---------+---------+-------+---------+---------+-------+---------
